 Dungeon Crawl Stone Soup version 0.31-a0-971-g75a2e9a4b4 (webtiles) character file.

Game seed: 5148832314910953195

16538 skwerlee the Thaumaturge (level 12, -5/79 HPs)
             Began as a Djinni Fire Elementalist on Oct 29, 2023.
             Was an Initiate of Gozag.
             Shot with a bolt by a yaktaur (24 damage)
             ... on level 12 of the Dungeon.
             The game lasted 01:34:22 (19476 turns).

skwerlee the Thaumaturge (DjFE)                    Turns: 19476, Time: 01:34:24

Health: -5/79      AC:  6    Str: 10    XL:     12   Next: 71%
Gold:   1350       EV: 13    Int: 24    God:    Gozag SH:  8 Dex: 21

rFire   + + .        x - staff of air
rCold   + . .        p - +3 buckler of Autumn {rC+ Will+ Int+4}
rNeg    + . .        C - +2 robe of Jigsaw {Dex+4}
rPois   ∞            z - +1 hat
rElec   +            u - +0 cloak
rCorr   .            (no gloves)
SInv    .            (boots unavailable)
Will    ++...        (no amulet)
Stlth   +++          d - ring of protection from cold
HPRegen 0.33/turn    t - ring of positive energy
MPRegen 0.00/turn

%: infuse magic (-6 HP)
@: gold aura, flying
A: sickness immunity, fire resistance 2, cold vulnerability 1, float, innate
caster, HP casting, extra vitality 1, claws 1, agile 1, strong 1
a: Renounce Religion, Potion Petition, Call Merchant, Bribe Branch


You were on level 12 of the Dungeon.
You worshipped Gozag.
Gozag was most pleased with you.
You visited 4 branches of the dungeon, and saw 16 of its levels.

You collected 2375 gold pieces.
You paid 1025 gold pieces to Gozag.

Inventory:

Hand Weapons
 l - a +3 quarterstaff of chaos
 D - a +0 demon whip of venom
Armour
 p - the +3 buckler of Autumn (worn) {rC+ Will+ Int+4}
   (You acquired it on level 10 of the Dungeon)

   Int+4:     It affects your intelligence (+4).
   rC+:       It protects you from cold.
   Will+:     It increases your willpower.
 u - a +0 cloak (worn)
 z - a +1 hat (worn)
 C - the +2 robe of Jigsaw (worn) {Dex+4}
   (You found it on level 8 of the Dungeon)

   Dex+4:     It affects your dexterity (+4).
Magical Staves
 x - a staff of air (weapon)
Jewellery
 d - a ring of protection from cold (left claw)
 t - a ring of positive energy (right claw)
 F - a ring of fire
Wands
 j - a wand of flame (3)
 q - a wand of charming (11)
 y - a wand of digging (7)
Scrolls
 c - 2 scrolls of enchant weapon
 e - 3 scrolls of teleportation
 n - a scroll of poison
 o - a scroll of vulnerability
 r - 2 scrolls of noise
 s - a scroll of immolation
 w - 2 scrolls of fog
 E - a scroll of enchant armour
Potions
 a - a potion of brilliance
 b - a potion of might
 f - a potion of berserk rage
 g - a potion of ambrosia
 k - a potion of mutation
 m - a potion of invisibility {unknown}
 B - a potion of resistance {unknown}


   Skills:
 + Level 4.7 Fighting
 + Level 0.4 Maces & Flails
 - Level 1.1 Throwing
 - Level 3.5 Dodging
 + Level 5.0 Stealth
 + Level 1.2 Shields
 * Level 13.9 Spellcasting
 * Level 13.9 Conjurations
 * Level 13.9 Hexes
 * Level 13.9 Summonings
 * Level 13.9 Necromancy
 * Level 13.9 Translocations
 * Level 13.9 Transmutations
 * Level 13.9 Fire Magic
 * Level 13.9 Ice Magic
 * Level 13.9 Air Magic
 * Level 13.9 Earth Magic
 * Level 13.9 Poison Magic
 + Level 1.0 Evocations


You knew the following spells:

 Your Spells              Type           Power      Damage    Failure   Level
a - Foxfire               Conj/Fire      100%       2x1d9     1%          1
b - Scorch                Fire           100%       2d9       1%          2
c - Volatile Blastmotes   Fire/Tloc      100%       2d18      1%          3
d - Inner Flame           Hex/Fire       70%        N/A       1%          3
e - Flame Wave            Conj/Fire      70%        2d16      1%          4
f - Apportation           Tloc           100%       N/A       1%          1
g - Static Discharge      Conj/Air       100%       3-8/arc   1%          2
h - Vampiric Draining     Necr           70%        2d11      1%          3
i - Dispel Undead         Necr           70%        3d24      1%          4
j - Sticky Flame          Conj/Fire      70%        2d8       1%          4
Your spell library was empty.

Dungeon Overview and Level Annotations

Branches:
Dungeon (12/15)            Temple (1/1) D:7            Lair (1/5) D:10
    Orc (2/2) D:9             Elf (0/3) Orc:2

Altars:
Ashenzari
Cheibriados
Dithmenos
Elyvilon
Fedhas
Gozag
Hepliaklqana
Makhleb
Nemelex Xobeh
Okawaru
Qazlal
Ru
Trog
Uskayaw
Wu Jian
Xom
Yredelemnul
Zin
The Shining One

Shops:
D:6 *   D:9 [(

Annotations:
D:3 3 runed translucent doors, Fodor's ghost, amateur MiFi; RandomusNamus's ghost, amateur FoFi; RandomusNamus's ghost, amateur OpCj; kd29's ghost, amateur TrSh; pigah's ghost, amateur OpSh
Lair:1 Erica


Innate Abilities, Weirdness & Mutations

You are immune to sickness and miasma.
You are immune to poison.
Your flesh is very heat resistant. (rF++)
You are vulnerable to cold. (rC-)
You float through the air rather than walking.
You learn spells naturally, not from books.
Your magical power is your life essence.
You have superior vitality. (+4 MHP)
You have sharp fingernails.
You are agile. (Dex +4, Str/Int -1)
Your muscles are strong. (Str +4, Int/Dex -1)


Message History

Flames lash the deep elf pyromancer.
The deep elf pyromancer is lightly wounded.
The deep elf pyromancer's fire resistance burns away.
You hear a shout!
The foxfire hits the deep elf pyromancer but does no damage.
The deep elf pyromancer is lightly wounded.
The foxfire hits the yaktaur!
The yaktaur is lightly wounded.
Aiming: Sticky Flame (safe; 1% risk of failure)
Press: ? - help, Q - select action, (/) - cycle Shift-Dir - straight line, f - deep elf pyromancer
Aim: a deep elf pyromancer, wielding a +0 long sword and wearing a +0 chain mail (lightly wounded, more vulnerable to fire)
The sticky flame hits the deep elf pyromancer.
The deep elf pyromancer is burned terribly!
The deep elf pyromancer is moderately wounded.
The deep elf pyromancer is covered in liquid flames!
The deep elf pyromancer burns!
The deep elf pyromancer hits you but does no damage.
Casting: Flame Wave (safe; 1% risk of failure)
Press: ? - help, Q - select action, (/) - cycle Dir - look around, f - activate A wave of flame ripples out!
The flame wave engulfs the deep elf pyromancer!!
The deep elf pyromancer is burned terribly!
You kill the deep elf pyromancer! (Press . to intensify the flame waves.)
The yaktaur shoots a bolt.
You block the bolt.
The yaktaur wields a +0 arbalest.
The yaktaur shoots a bolt.
You block the bolt.
A wave of flame ripples out!
The flame wave engulfs the yaktaur!
The yaktaur is heavily wounded.
The yaktaur shoots a bolt.
The bolt hits you!! The bolt burns you.
A yaktaur comes into view.
The yaktaur shouts!
A wave of flame ripples out!
The flame wave engulfs the yaktaur!
The yaktaur is severely wounded.
You finish channelling waves of flame.
The yaktaur shoots a bolt.
The bolt hits you!!
* * * LOW HITPOINT WARNING * * *
The yaktaur shoots a bolt.
The bolt hits you!!
You die...
Your body crumbles into a pile of gold.

###....# #.##..).#
.......# #.#####'#####
..%.#### #...##......#
....# ###.##......#
....############.##......#
....'.............>......#
....#############........#
##### ##........#
#@........# ##$c.##...#
#...##...# ##$###...# #c#
#...# #c# #...# #$$......
#$....... #........


You could see 3 yaktaurs.

Vanquished Creatures
  Amaemon (D:9)
  A deep elf pyromancer (D:12)
  2 ugly things
  2 manticores
  An orc sorcerer (Orc:1)
  A cyclops (D:12)
  An orange demon (D:8)
  A gargoyle (D:11)
  2 komodo dragons
  8 trolls
  2 hornets
  Sigmund (D:3)
  A wraith (D:12)
  2 vampires (D:11)
  2 wyverns
  A spriggan (D:7)
  14 yaks
  A basilisk (D:12)
  Eustachio (D:5)
  2 steam dragons
  5 vampire mosquitoes
  A warg (D:9)
  2 water moccasins
  A hornet zombie (D:6)
  11 orc warriors
  4 ice beasts
  A sky beast (D:7)
  2 ogres
  10 centaurs
  3 kobold brigands
  2 bullfrogs (D:7)
  Blork the orc (D:4)
  2 scorpions
  3 gnoll sergeants
  A water moccasin zombie (D:6)
  3 wights
  6 killer bees
  6 electric eels (D:10)
  2 howler monkeys
  3 bullfrog zombies (D:6)
  Crazy Yiuf (D:4)
  2 centaur zombies (D:6)
  10 hounds
  3 orc priests
  A gnoll bouda (D:4)
  A sleepcap (D:7)
  Ijyb (D:3)
  2 iguanas
  14 orc wizards
  Robin (D:2)
  11 adders
  19 gnolls
  A river rat (D:6)
  A shadow imp (D:7)
  4 white imps
  2 ufetubi (D:7)
  3 worms
  9 dart slugs
  45 orcs
  5 ball pythons
  3 bats
  9 endoplasms
  3 giant cockroaches
  16 goblins
  11 hobgoblins
  6 jackals
  22 kobolds
  2 quokkas
  6 rats
330 creatures vanquished.

Vanquished Creatures (others)
  1069 foxfires
1069 creatures vanquished.

Grand Total: 1399 creatures vanquished

Notes
Turn   | Place    | Note
-------+----------+-------------------------------------------
     0 | D:1      | skwerlee the Djinni Fire Elementalist began the quest for
                  | the Orb.
     0 | D:1      | skwerlee set off with the following spells memorised:
                  | Foxfire, Scorch, Volatile Blastmotes, Inner Flame, Flame
                  | Wave.
     0 | D:1      | Reached XP level 1. HP: 15/15 MP: 0/0
   995 | D:1      | Reached XP level 2. HP: 20/21 MP: 0/0
  1389 | D:2      | Found a faded altar of an unknown god.
  1760 | D:2      | Reached XP level 3. HP: 23/25 MP: 0/0
  1760 | D:2      | Learned a level 1 spell: Apportation
  1809 | D:2      | Noticed Robin
  2189 | D:2      | Killed Robin
  2190 | D:2      | Reached XP level 4. HP: 23/31 MP: 0/0
  2847 | D:2      | Gained mutation: You are agile. (Dex +4, Str/Int -1)
                  | [potion of mutation]
  2847 | D:2      | Gained mutation: You have sharp fingernails. [potion of
                  | mutation]
  2847 | D:2      | Gained mutation: Your muscles are strong. (Str +4, Int/Dex
                  | -1) [potion of mutation]
  3129 | D:3      | Reached XP level 5. HP: 34/35 MP: 0/0
  3129 | D:3      | Learned a level 2 spell: Static Discharge
  3321 | D:3      | Noticed Sigmund
  3331 | D:3      | Killed Sigmund
  3332 | D:3      | Reached XP level 6. HP: 38/41 MP: 0/0
  3355 | D:3      | Noticed Ijyb
  3402 | D:3      | Killed Ijyb
  3561 | D:3      | Found a runed translucent gate.
  3561 | D:3      | Found a runed translucent gate.
  3562 | D:3      | Found a runed translucent gate.
  3562 | D:3      | Noticed pigah's ghost (amateur OpSh)
  3562 | D:3      | Noticed kd29's ghost (amateur TrSh)
  3562 | D:3      | Noticed RandomusNamus's ghost (amateur FoFi)
  3562 | D:3      | Noticed RandomusNamus's ghost (amateur OpCj)
  3564 | D:3      | Noticed Fodor's ghost (amateur MiFi)
  3934 | D:3      | Reached skill level 5 in Spellcasting
  3934 | D:3      | Reached skill level 5 in Conjurations
  3934 | D:3      | Reached skill level 5 in Hexes
  3934 | D:3      | Reached skill level 5 in Summonings
  3934 | D:3      | Reached skill level 5 in Necromancy
  3934 | D:3      | Reached skill level 5 in Translocations
  3934 | D:3      | Reached skill level 5 in Transmutations
  3934 | D:3      | Reached skill level 5 in Fire Magic
  3934 | D:3      | Reached skill level 5 in Ice Magic
  3934 | D:3      | Reached skill level 5 in Air Magic
  3934 | D:3      | Reached skill level 5 in Earth Magic
  3934 | D:3      | Reached skill level 5 in Poison Magic
  4161 | D:4      | Reached XP level 7. HP: 45/46 MP: 0/0
  4161 | D:4      | Learned a level 3 spell: Vampiric Draining
  4269 | D:4      | Reached skill level 1 in Fighting
  4373 | D:4      | Found a runed translucent door.
  4374 | D:4      | Noticed Crazy Yiuf
  4599 | D:5      | Entered Level 5 of the Dungeon
  4642 | D:4      | Noticed Blork the orc
  5136 | D:4      | Killed Crazy Yiuf
  5740 | D:4      | Reached XP level 8. HP: 48/52 MP: 0/0
  5943 | D:4      | Killed Blork the orc
  6162 | D:5      | Noticed Eustachio
  6171 | D:5      | Killed Eustachio
  7045 | D:6      | Reached XP level 9. HP: 58/58 MP: 0/0
  7045 | D:6      | Learned a level 4 spell: Dispel Undead
  7148 | D:6      | Found Wekoditi's Fire Supplies.
  7642 | D:6      | Found a basalt altar of Yredelemnul.
  8396 | D:7      | Identified the +4 whip of the Shallot {pain, rPois rF+++
                  | rC- Str-4}
  8720 | D:7      | Noticed a hornet
  8723 | D:7      | Killed a hornet
  9042 | D:7      | Reached XP level 10. HP: 54/64 MP: 0/0
  9086 | D:7      | Reached skill level 10 in Spellcasting
  9086 | D:7      | Reached skill level 10 in Conjurations
  9086 | D:7      | Reached skill level 10 in Hexes
  9086 | D:7      | Reached skill level 10 in Summonings
  9086 | D:7      | Reached skill level 10 in Necromancy
  9086 | D:7      | Reached skill level 10 in Translocations
  9086 | D:7      | Reached skill level 10 in Transmutations
  9086 | D:7      | Reached skill level 10 in Fire Magic
  9086 | D:7      | Reached skill level 10 in Ice Magic
  9086 | D:7      | Reached skill level 10 in Air Magic
  9086 | D:7      | Reached skill level 10 in Earth Magic
  9086 | D:7      | Reached skill level 10 in Poison Magic
  9660 | D:7      | Found a staircase to the Ecumenical Temple.
  9669 | Temple   | Entered the Ecumenical Temple
  9710 | Temple   | Became a worshipper of Gozag Ym Sagoz the Greedy
 10288 | D:8      | Found an ornate altar of the Wu Jian Council.
 10849 | D:8      | Identified the +2 robe of Jigsaw {Dex+4}
 11295 | D:9      | Noticed Amaemon
 11295 | D:9      | Noticed an orange demon
 11303 | D:8      | Killed an orange demon
 11647 | D:9      | Reached skill level 1 in Throwing
 11968 | D:9      | Reached XP level 11. HP: 54/70 MP: 0/0
 11968 | D:9      | Learned a level 4 spell: Sticky Flame
 11974 | D:9      | Reached skill level 1 in Evocations
 12328 | D:9      | Killed Amaemon
 13058 | D:9      | Found Jeckorab's Armour Emporium.
 13063 | D:9      | Found a staircase to the Orcish Mines.
 13065 | D:9      | Found Vim Zoun's Weapon Emporium.
 13706 | D:10     | Entered Level 10 of the Dungeon
 14415 | D:10     | Found a staircase to the Lair.
 14954 | D:11     | Noticed a manticore
 15288 | D:11     | Killed a manticore
 16448 | D:11     | Noticed a brown ugly thing
 16453 | D:11     | Killed a brown ugly thing
 16454 | D:11     | Reached XP level 12. HP: 28/78 MP: 0/0
 16700 | Lair:5   | Identified the "Utattesh"
 16700 | Orc:1    | Entered Level 1 of the Orcish Mines
 17416 | Orc:1    | You are sucked into a shaft and drop 1 floor!
 17416 | Orc:2    | Entered Level 2 of the Orcish Mines
 17451 | Orc:2    | Noticed an orc high priest
 17986 | Lair:1   | Entered Level 1 of the Lair of Beasts
 18087 | Lair:1   | Noticed a boulder beetle
 18298 | D:10     | Identified a scroll of acquirement
 18299 | D:10     | Acquired the +3 buckler of Autumn {rC+ Will+ Int+4}
 18320 | Lair:1   | Noticed Erica
 18324 | D:10     | HP: 3/79 [yak (5)]
 18325 | D:10     | Reached skill level 5 in Stealth
 18971 | D:12     | Reached skill level 1 in Shields
 19476 | D:12     | Shot with a bolt by a yaktaur

Illustrated notes

Levels and vault maps discovered:
D:1:      dpeg_arrival_tiny_a, layout_basic
D:2:      layout_basic, ebering_ecumenical_altar_abandoned, uniq_robin
D:3:      layout_basic, gammafunk_ghost_cemetery, grunt_ministairs_4,
          uniq_sigmund, uniq_ijyb
D:4:      minmay_clustersquares, layout_loops_cross, uniq_blork_the_orc,
          uniq_crazy_yiuf_cottage
D:5:      kennysheep_slugbush, layout_basic, uniq_eustachio
D:6:      layout_layer_cave, nicolae_yredelemnul_corpse_copse,
          lightli_sewer_entry_pipes, nicolae_shop_fire_sale
          [nicolae_sub_dead_trees], minmay_misc_feat_cross
D:7:      minmay_slanted_spiral_squares, layout_loops_cross, temple_hall,
          the_hattery
D:8:      cheibrodos_iron_armory, layout_basic, kennysheep_little_box,
          dk_noncrumbling_4, interstate_on_off, nicolae_twisty_statue_hallways
D:9:      layout_layer_cave, orc_david_3, uniq_amaemon
D:10:     layout_gridville, erik_lair_island
D:11:     layout_gridville
D:12:     layout_basic, vehumet_altar_wand_db
Temple:   mainiacjoe_temple_cubbyholes
Lair:1:   layout_regular_city, uniq_harold, uniq_erica
Orc:1:    layout_caves
Orc:2:    st_orc_rangers, layout_caves, serial_shops, shop,
          nicolae_shop_firing_range

Skill      XL: |  1  2  3  4  5  6  7  8  9 10 11 12 |
---------------+-------------------------------------+-----
Spellcasting   | 4 5 6 7 9 11 12 13 | 13.9
Conjurations   | 4 5 6 7 9 11 12 13 | 13.9
Hexes          | 4 5 6 7 9 11 12 13 | 13.9
Summonings     | 4 5 6 7 9 11 12 13 | 13.9
Necromancy     | 4 5 6 7 9 11 12 13 | 13.9
Translocations | 4 5 6 7 9 11 12 13 | 13.9
Transmutations | 4 5 6 7 9 11 12 13 | 13.9
Fire Magic     | 4 5 6 7 9 11 12 13 | 13.9
Ice Magic      | 4 5 6 7 9 11 12 13 | 13.9
Air Magic      | 4 5 6 7 9 11 12 13 | 13.9
Earth Magic    | 4 5 6 7 9 11 12 13 | 13.9
Poison Magic   | 4 5 6 7 9 11 12 13 | 13.9
Stealth        | 2 3 4 5 |  5.0
Dodging        | 3 |  3.5
Fighting       | 1 2 4 |  4.7
Throwing       | 1 |  1.1
Evocations     | 1 |  1.0
Shields        | 1 |  1.2
Maces & Flails | |  0.4

Action                     |  1- 3 |  4- 6 |  7- 9 | 10-12 || total
---------------------------+-------+-------+-------+-------++-------
  Melee: Unarmed           |     2 |       |       |       ||     2
         Mace              |     1 |     4 |     1 |       ||     6
         Staff             |       |       |     3 |       ||     3
  Throw: Throwing net      |       |       |       |     4 ||     4
   Cast: Foxfire           |    46 |    76 |   241 |   299 ||   662
         Scorch            |     8 |     5 |    21 |    61 ||    95
         Vampiric Draining |       |       |    22 |    28 ||    50
         Dispel Undead     |       |       |     5 |     1 ||     6
         Flame Wave        |       |       |     2 |    38 ||    40
         Sticky Flame      |       |       |       |    28 ||    28
         Volatile Blastmot |       |       |       |    13 ||    13
         Static Discharge  |       |       |       |     2 ||     2
 Invoke: Potion Petition   |       |       |       |     3 ||     3
  Evoke: Wand              |       |       |       |     2 ||     2
    Use: Potion            |       |     2 |     1 |     6 ||     9
         Scroll            |       |       |    12 |    11 ||    23
 Armour: Robe              |     6 |    15 |    36 |   176 ||   233
         Skin              |       |       |       |     2 ||     2
  Dodge: Dodged            |    10 |    20 |    57 |   165 ||   252
  Block: Buckler           |       |       |       |    19 ||    19

Table legend: (Time is in decaauts)
 A = Elapsed time spent in this place.
 B = Non-inter-level travel time spent in this place.
 C = Inter-level travel time spent in this place.
 D = Time resting spent in this place.
 E = Time spent auto-exploring this place.
 F = Levels seen in this place.
 G = Mean time per level.
                   A        B        C        D        E       F      G
               +--------+--------+--------+--------+--------+-----+--------+
         Total |  19490 |  18420 |   1070 |   7628 |   8253 |  16 | 1218.1 |
       Dungeon |  18358 |  17318 |   1040 |   7095 |   8008 |  12 | 1529.8 |
        Temple |     82 |     82 |      0 |      0 |      0 |   1 |   82.0 |
          Lair |    128 |    128 |      0 |      0 |     66 |   1 |  128.0 |
  Orcish Mines |    920 |    892 |     28 |    533 |    179 |   2 |  460.0 |
               +--------+--------+--------+--------+--------+-----+--------+

Top non-repeatable levels by time:
     D:8: 2472 daAuts
    D:11: 2298 daAuts
     D:9: 1804 daAuts
     D:4: 1803 daAuts
    D:10: 1759 daAuts
     D:1: 1584 daAuts
     D:7: 1393 daAuts
     D:2: 1299 daAuts
     D:6: 1284 daAuts
     D:3: 1267 daAuts
     D:5: 1082 daAuts
   Orc:1: 881 daAuts
    D:12: 308 daAuts
  Lair:1: 128 daAuts
  Temple: 82 daAuts
